 Dungeon Crawl Stone Soup version 0.23-a0-607-g760965b7 (webtiles) character file.

50 zishaf the Chopper (level 3, -2/33 HPs)
             Began as a Hill Orc Monk on Dec 20, 2018.
             Slain by a scorpion (5 damage)
             ... on level 2 of the Dungeon.
             The game lasted 00:01:23 (1199 turns).

zishaf the Chopper (Hill Orc Monk)                  Turns: 1199, Time: 00:01:24

Health: -2/33      AC:  7    Str: 14    XL:     3   Next: 79%
Magic:  3/3        EV: 10    Int: 10    God:
Gold:   43         SH:  0    Dex: 13    Spells: 2/2 levels left

rFire    . . .     SeeInvis .   a - +0 hand axe
rCold    . . .     Gourm    .   (no shield)
rNeg     . . .     Faith    .   l - +0 scale mail
rPois    .         Spirit   .   f - +0 helmet
rElec    .         Reflect  .   (no cloak)
rCorr    .         Harm     .   (no gloves)
MR       .....                  (no boots)
Stlth    ..........             (no amulet)
HPRegen  0.11/turn              (no ring)
MPRegen  0.08/turn              (no ring)

@: lethally poisoned (-2 -> -6)
A: no striking features
a: no special abilities


You were on level 2 of the Dungeon.
You were not hungry.

You visited 1 branch of the dungeon, and saw 2 of its levels.

You collected 43 gold pieces.

Inventory:

Hand Weapons
 a - a +0 hand axe (weapon)
Missiles
 d - 3 steel javelins (quivered)
Armour
 f - a +0 helmet (worn)
 l - a +0 scale mail (worn)
Wands
 j - a wand of random effects (17)
Scrolls
 b - 2 scrolls of identify {unknown}
 g - a scroll of blinking {unknown}
 h - a scroll of random uselessness {unknown}
 i - a scroll of enchant weapon {unknown}
 n - a scroll of remove curse {unknown}
 q - a scroll of teleportation {unknown}
Potions
 e - a potion of invisibility {unknown}
 k - a potion of curing {unknown}
 m - a potion of degeneration {unknown}
 o - a potion of agility {unknown}
Comestibles
 c - 2 rations
 p - 3 chunks of flesh


   Skills:
 + Level 4.2 Fighting
 + Level 4.6 Axes
 + Level 1.5 Armour
 + Level 2.8 Dodging
 - Level 1.5 Stealth


You had 2 spell levels left.
You didn't know any spells.
Your spell library was empty.

Dungeon Overview and Level Annotations

Branches:
Dungeon (2/15)

Altars:


Message History

The adder is heavily wounded.
You hit the scorpion but do no damage.
You feel sick. The adder barely misses you. The scorpion closely misses you.
The adder bites you but does no damage.
You hit the adder.
The adder is almost dead.
You hit the scorpion. The adder closely misses you.
The scorpion closely misses you.
You hit the adder.
You kill the adder!
You hit the scorpion.
You feel sick. The scorpion barely misses you.
You hit the scorpion but do no damage.
The scorpion is heavily wounded.
The scorpion stings you.
* * * LOW HITPOINT WARNING * * *
You hit the scorpion.
The scorpion is severely wounded.
* * * LOW HITPOINT WARNING * * *
You feel sick. The scorpion stings you.
You die...

#............
+.............
#............#
###............##
................## .
..........#####...##.#
..........# .....##
..........#####)......
..........##..@.......
.###.........†s......
###########.......
...!... .......
....... .......
###....


You could see a scorpion.

Vanquished Creatures
  2 adders (D:2)
  An ooze (D:2)
  A worm (D:2)
  2 dart slugs
  A leopard gecko (D:1)
  A bat (D:1)
  5 hobgoblins
  2 frilled lizards
  2 goblins
  3 kobolds (D:2)
  3 rats
23 creatures vanquished.

Notes
Turn   | Place    | Note
-------+----------+-------------------------------------------
     0 | D:1      | zishaf the Hill Orc Monk began the quest for the Orb.
     0 | D:1      | Reached XP level 1. HP: 19/19 MP: 1/1
   225 | D:1      | Reached XP level 2. HP: 27/27 MP: 2/2
   946 | D:2      | Reached skill level 1 in Armour
  1158 | D:2      | Reached XP level 3. HP: 33/33 MP: 3/3
  1187 | D:2      | Noticed a scorpion
  1199 | D:2      | Slain by a scorpion

Vault maps used:
D:1:      kennysheep_arrival_seaside, minmay_3d_cube
D:2:      tso_metal_star, nicolae_overflow_hidden_temple, lemuel_round_altar,
          minmay_heptomino_w4

Skill      XL: |  1  2 |
---------------+-------+-----
Armour         | 1 |  1.5
Fighting       | 4 |  4.2
Axes           | |  4.6
Dodging        | |  2.8
Stealth        | |  1.5

Action                   || total
-------------------------++-------
Melee: Hand axe          ||   101
 Stab: Sleeping          ||     1
  Eat: Chunk             ||     1
Armor: Leather armour    ||     4
       Scale mail        ||    37
Dodge: Dodged            ||    60

Table legend:
 A = Non-vault XP
 B = Vault XP
 C = Vault XP percentage of total XP
 D = Non-vault monster count
 E = Vault monster count
 F = Vault count percentage of total count
                 A         B        C        D         E       F
            +---------+---------+-------+---------+---------+-------
      Total |      46 |      26 |  36.1 |      15 |       8 |  34.8
            +---------+---------+-------+---------+---------+-------
        D:1 |      11 |       8 |  42.1 |       6 |       4 |  40.0
        D:2 |      35 |      18 |  34.0 |       9 |       4 |  30.8
            +---------+---------+-------+---------+---------+-------
